 Dungeon Crawl Stone Soup version 0.26-a0-812-g31a745ddcd (webtiles) character file.

Game seed: 18050860206295093978

109 funkygono the Magician (level 4, -1/32 HPs)
             Began as a Gnoll Hedge Wizard on Nov 20, 2020.
             Was an Initiate of Ru.
             Killed from afar by an orc wizard (6 damage)
             ... with a puff of flame
             ... on level 3 of the Dungeon.
             The game lasted 00:05:25 (2894 turns).

funkygono the Magician (Gnoll Hedge Wizard)         Turns: 2894, Time: 00:05:29

Health: -1/32      AC: 10    Str: 13    XL:     4   Next: 90%
Magic:  11/13      EV: 13    Int: 16    God:    Ru [......]
Gold:   88         SH:  0    Dex: 15    Spells: 9/17 levels left

rFire    . . .     SeeInvis .   a - +1 dagger
rCold    . . .     Faith    .   (no shield)
rNeg     . . .     Spirit   .   k - +3 ring mail
rPois    .         Reflect  .   c - +1 hat
rElec    .         Harm     .   (no cloak)
rCorr    .         Rampage  .   h - +0 pair of gloves (curse)
MR       .....                  (no boots)
Stlth    +.........             (no amulet)
HPRegen  0.10/turn              (no ring)
MPRegen  0.13/turn              (no ring)

@: confused, attractive
A: distributed training, fangs 1, strong nose
a: Renounce Religion


You were on level 3 of the Dungeon.
You worshipped Ru.
Ru was noncommittal.
You visited 1 branch of the dungeon, and saw 3 of its levels.

You collected 88 gold pieces.

Inventory:

Hand Weapons
 a - a +1 dagger (weapon)
Missiles
 f - 6 bolts
Armour
 b - a +0 robe
 c - a +1 hat (worn)
 e - a +0 chain mail
 h - a cursed +0 pair of gloves (worn)
 k - a +3 ring mail (worn)
Scrolls
 i - a scroll of remove curse
 j - 3 scrolls of teleportation
 l - a scroll of enchant weapon
 m - a scroll of identify
Potions
 d - a potion of curing


   Skills:
 + Level 1.2 Fighting
 + Level 1.2 Short Blades
 + Level 1.2 Long Blades
 + Level 1.2 Axes
 + Level 1.2 Maces & Flails
 + Level 1.2 Polearms
 + Level 1.2 Staves
 + Level 1.2 Slings
 + Level 1.2 Bows
 + Level 1.2 Crossbows
 + Level 1.2 Throwing
 + Level 1.2 Armour
 + Level 4.7 Dodging
 + Level 4.3 Stealth
 + Level 1.2 Shields
 + Level 1.2 Unarmed Combat
 + Level 7.2 Spellcasting
 + Level 2.3 Conjurations
 + Level 1.0 Hexes
 + Level 2.3 Summonings
 + Level 1.0 Necromancy
 + Level 2.3 Translocations
 + Level 1.0 Transmutations
 + Level 1.0 Fire Magic
 + Level 1.0 Ice Magic
 + Level 1.0 Air Magic
 + Level 1.0 Earth Magic
 + Level 1.0 Poison Magic
 + Level 1.4 Invocations
 + Level 1.2 Evocations


You had 9 spell levels left.
You knew the following spells:

 Your Spells              Type           Power        Failure   Level
a - Magic Dart            Conj           ##..         10%         1
b - Blink                 Tloc           N/A          16%         2
c - Call Imp              Summ           ##......     16%         2
d - Mephitic Cloud        Conj/Pois/Air  ##......     38%         3

Your spell library contained the following spells:

 Spells                   Type           Power        Failure   Level
 Slow                     Hex            #.......     26%         2
 Conjure Flame            Conj/Fire      ##......     36%         3


Dungeon Overview and Level Annotations

Branches:
Dungeon (3/15)

Altars:
Ru
Sif Muna
Xom
Zin


Innate Abilities, Weirdness & Mutations

Your experience applies equally to all skills.
You have very sharp teeth.
Your uncanny sense of smell can sniff out nearby items.


Message History

The puff of flame hits you!
* * * LOW HITPOINT WARNING * * *
Casting: Magic Dart (safe; 10% risk of failure)
Confirm with . or Enter, or press ? or * to list all spells.
You blink.
The orc wizard is pulled toward you! The orc is pulled toward you!
The orc wizard is pulled toward you!
There is a stone staircase leading down here.
The orc is pulled toward you! The orc wizard is pulled toward you!
The orc wizard closely misses you.
The orc wizard hits you but does no damage.
The orc hits you but does no damage.
You see here a +0 dagger.
It was a potion of ambrosia.
You are confused.
You feel invigorated. Something hits you but does no damage.
The orc wizard closely misses you. The orc hits you but does no damage.
You hear some strange, mumbled words.
A puff of flame appears from out of thin air!
The puff of flame hits you.
You die...

###### #....### ####<.....#
#.....#.#.#
####.........##############
#....#.#.#o{..)............
#....'.o.#@o#####........##
#....#.###..# #.#.#..#.#
#....#......#####.# #..#.##
#....#.##.........# .......
.............#####.# ###...
#....#.........# #K #.....
...?.o.........# #รท #.###.
#....########..####.####.#...
##.........)(.....


You could see an orc wizard (fast) and an orc.

Vanquished Creatures
  A worker ant (D:3)
  2 adders (D:2)
  3 oozes (D:1)
  2 dart slugs (D:2)
  A leopard gecko (D:1)
  3 orcs (D:3)
  2 ball pythons
  7 bats
  2 giant cockroaches
  4 hobgoblins
  4 jackals (D:3)
  5 kobolds
  2 frilled lizards
  4 goblins
  5 rats
47 creatures vanquished.

Notes
Turn   | Place    | Note
-------+----------+-------------------------------------------
     0 | D:1      | funkygono the Gnoll Hedge Wizard began the quest for the
                  | Orb.
     0 | D:1      | Reached XP level 1. HP: 13/13 MP: 8/8
   155 | D:1      | Reached XP level 2. HP: 14/19 MP: 8/10
   574 | D:1      | Reached XP level 3. HP: 15/25 MP: 5/11
   800 | D:1      | Learned a level 2 spell: Blink
   803 | D:1      | Learned a level 2 spell: Call Imp
   807 | D:1      | Learned a level 3 spell: Mephitic Cloud
  1461 | D:2      | Found a sacrificial altar of Ru.
  1552 | D:2      | Became a worshipper of Ru the Awakened
  1679 | D:2      | Reached skill level 1 in Invocations
  1891 | D:2      | Found a shimmering blue altar of Sif Muna.
  1894 | D:2      | Found a shimmering altar of Xom.
  1906 | D:2      | Reached skill level 1 in Fighting
  1906 | D:2      | Reached skill level 1 in Short Blades
  1906 | D:2      | Reached skill level 1 in Long Blades
  1906 | D:2      | Reached skill level 1 in Axes
  1906 | D:2      | Reached skill level 1 in Maces & Flails
  1906 | D:2      | Reached skill level 1 in Polearms
  1906 | D:2      | Reached skill level 1 in Staves
  1906 | D:2      | Reached skill level 1 in Slings
  1906 | D:2      | Reached skill level 1 in Bows
  1906 | D:2      | Reached skill level 1 in Crossbows
  1906 | D:2      | Reached skill level 1 in Throwing
  1906 | D:2      | Reached skill level 1 in Armour
  1906 | D:2      | Reached skill level 1 in Shields
  1906 | D:2      | Reached skill level 1 in Unarmed Combat
  1906 | D:2      | Reached skill level 1 in Evocations
  1939 | D:2      | Found a glowing silver altar of Zin.
  1995 | D:2      | Reached XP level 4. HP: 26/32 MP: 13/13
  2555 | D:3      | Reached skill level 1 in Hexes
  2555 | D:3      | Reached skill level 1 in Necromancy
  2555 | D:3      | Reached skill level 1 in Transmutations
  2555 | D:3      | Reached skill level 1 in Fire Magic
  2555 | D:3      | Reached skill level 1 in Ice Magic
  2555 | D:3      | Reached skill level 1 in Air Magic
  2555 | D:3      | Reached skill level 1 in Earth Magic
  2555 | D:3      | Reached skill level 1 in Poison Magic
  2886 | D:3      | HP: 1/32 [something (4)]
  2894 | D:3      | Killed from afar by an orc wizard

Illustrated notes

Levels and vault maps discovered:
D:1:      tarquinn_simple_flora_water_b, layout_loops_cross, minmay_hedge_maze,
          minmay_split_cup_large
D:2:      layout_loops_ring, grunt_temple_overflow_diamond,
          nicolae_ru_path_of_blood
D:3:      layout_basic

Skill      XL: |  1  2  3  4 |
---------------+-------------+-----
Conjurations   | 2 |  2.3
Summonings     | 2 |  2.3
Translocations | 2 |  2.3
Invocations    | 1 |  1.4
Fighting       | 1 |  1.2
Short Blades   | 1 |  1.2
Long Blades    | 1 |  1.2
Axes           | 1 |  1.2
Maces & Flails | 1 |  1.2
Polearms       | 1 |  1.2
Staves         | 1 |  1.2
Slings         | 1 |  1.2
Bows           | 1 |  1.2
Crossbows      | 1 |  1.2
Throwing       | 1 |  1.2
Armour         | 1 |  1.2
Shields        | 1 |  1.2
Unarmed Combat | 1 |  1.2
Evocations     | 1 |  1.2
Hexes          | 1 |  1.0
Necromancy     | 1 |  1.0
Transmutations | 1 |  1.0
Fire Magic     | 1 |  1.0
Ice Magic      | 1 |  1.0
Air Magic      | 1 |  1.0
Earth Magic    | 1 |  1.0
Poison Magic   | 1 |  1.0
Dodging        | |  4.7
Stealth        | |  4.3
Spellcasting   | |  7.2

Action                   |  1- 3 |  4- 6 || total
-------------------------+-------+-------++-------
Melee: Dagger            |    55 |    55 ||   110
       Bite              |     4 |     4 ||     8
 Cast: Magic Dart        |    66 |    31 ||    97
       Blink             |     1 |     1 ||     2
  Use: Scroll            |     5 |     3 ||     8
       Potion            |       |     3 ||     3
Armor: Robe              |     5 |       ||     5
       Ring mail         |    11 |    32 ||    43
Dodge: Dodged            |    35 |    34 ||    69

Table legend: (Time is in decaauts)
 A = Elapsed time spent in this place.
 B = Non-inter-level travel time spent in this place.
 C = Inter-level travel time spent in this place.
 D = Time resting spent in this place.
 E = Time spent auto-exploring this place.
 F = Levels seen in this place.
 G = Mean time per level.
                   A        B        C        D        E       F      G
               +--------+--------+--------+--------+--------+-----+--------+
         Total |   2898 |   2882 |     16 |      0 |   2446 |   3 |  966.0 |
       Dungeon |   2898 |   2882 |     16 |      0 |   2446 |   3 |  966.0 |
               +--------+--------+--------+--------+--------+-----+--------+

Top non-repeatable levels by time:
     D:1: 1376 daAuts
     D:2: 1034 daAuts
     D:3: 488 daAuts
